 Dungeon Crawl Stone Soup version 0.30-a0-6-g7c9e10e132 (webtiles) character file.

Game seed: 12021149356201248387

4024 drpainis the Covert (level 10, -13/46 HPs)
             Began as a Spriggan Enchanter on Aug 22, 2022.
             Was an Initiate of Yredelemnul.
             Shot with an arrow by a centaur warrior (20 damage)
             ... on level 9 of the Dungeon.
             The game lasted 00:19:53 (10280 turns).

drpainis the Covert (Spriggan Enchanter)           Turns: 10280, Time: 00:19:54

Health: -13/46     AC:  7    Str:  4    XL:     10   Next: 4%
Magic:  23/23      EV: 21    Int: 21    God:    Yredelemnul [......]
Gold:   485        SH:  0    Dex: 22    Spells: 14/25 levels left

rFire   x . .      SeeInvis +    u - +5 dagger (freeze)
rCold   + . .      Faith    .    (no shield)
rNeg    . . .      Spirit   .    b - +2 robe
rPois   .          Reflect  .    k - +2 hat
rElec   .          Harm     .    A - +0 cloak
rCorr   .          Rampage  .    (gloves unavailable)
Will    +....                    (boots unavailable)
Stlth   ++++++....               G - amulet of regeneration
HPRegen 0.95/turn                s - +6 ring of dexterity
MPRegen 0.18/turn                F - ring of ice

@: very quick
A: very small, no large weapons, unfitting armour, see invisible, speed 3
a: Renounce Religion, Recall Undead Harvest


You were on level 9 of the Dungeon.
You worshipped Yredelemnul.
Yredelemnul was noncommittal.
You visited 2 branches of the dungeon, and saw 10 of its levels.
You also visited: Ossuary.

You collected 485 gold pieces.

Inventory:

Hand Weapons
 a - a +1 dagger
 u - a +5 dagger of freezing (weapon)
 w - a +1 vampiric dagger
 z - the +7 hammer of Gozag's Respect {freeze, Fragile rCorr Int+7 SInv}
   (You found it on level 5 of the Dungeon)

   It freezes those it strikes, dealing additional cold damage.
   It can also slow down cold-blooded creatures.
   Int:       It affects your intelligence (+7).
   SInv:      It lets you see invisible.
   rCorr:     It protects you from acid and corrosion.
   Fragile:   It will be destroyed if unequipped.
 H - a +2 short sword of speed
Armour
 b - a +2 robe (worn)
 k - a +2 hat (worn)
 A - a +0 cloak (worn)
Magical Staves
 o - a staff of cold
Jewellery
 s - a +6 ring of dexterity (left hand)
 F - a ring of ice (right hand)
 G - an amulet of regeneration (around neck)
 J - a ring of resist corrosion
Wands
 h - a wand of digging (4)
 i - a wand of acid (22)
 D - a wand of flame (32)
 I - a wand of iceblast (11)
Scrolls
 c - 3 scrolls of blinking
 l - 3 scrolls of amnesia
 p - 3 scrolls of identify
 v - 3 scrolls of silence
 x - 2 scrolls of summoning
 y - a scroll of enchant armour
 B - 2 scrolls of vulnerability
 C - a scroll of poison {unknown}
Potions
 d - a potion of cancellation {unknown}
 e - a potion of ambrosia {unknown}
 f - 2 potions of flight
 g - 6 potions of might {unknown}
 j - a potion of attraction {unknown}
 m - 3 potions of lignification {unknown}
 n - 3 potions of resistance {unknown}
 r - 2 potions of degeneration {unknown}
 t - 3 potions of curing {unknown}
 E - a potion of magic {unknown}


   Skills:
 + Level 1.6 Fighting
 + Level 4.6 Short Blades
 + Level 5.8 Dodging
 + Level 13.0 Stealth
 + Level 8.3 Spellcasting
 + Level 0.5 Conjurations
 + Level 8.4 Hexes
 + Level 3.7 Ice Magic
 + Level 0.1 Evocations


You had 14 spell levels left.
You knew the following spells:

 Your Spells              Type           Power      Damage    Failure   Level
a - Ensorcelled Hibernat  Hex/Ice        100%       N/A       1%          2
b - Confusing Touch       Hex            44%        N/A       1%          3
c - Tukima's Dance        Hex            44%        N/A       1%          3
d - Dazzling Flash        Conj/Hex       54%        N/A       3%          3

Your spell library contained the following spells:

 Spells                   Type           Power      Damage    Failure   Level
 Cause Fear               Hex            22%        N/A       2%          4
 Inner Flame              Hex/Fire       26%        N/A       4%          3
 Malign Gateway           Summ/Tloc      4%         N/A       100%        7
 Discord                  Hex            22%        N/A       100%        8
 Summon Horrible Things   Summ           4%         N/A       100%        8


Dungeon Overview and Level Annotations

Branches:
Dungeon (9/15)             Temple (1/1) D:7         Ossuary (visited)
   Lair: D:8-11         Orc: D:9-12

Altars:
Ashenzari
Cheibriados
Elyvilon
Fedhas
Gozag
Hepliaklqana
Makhleb
Okawaru
Qazlal
Ru
Trog
Uskayaw
Wu Jian
Xom
Yredelemnul
Zin
The Shining One

Shops:
D:6 [

Portals:
Abyss: D:7

Annotations:
D:7 2 transporters, Zeldest's ghost, novice OpCj


Innate Abilities, Weirdness & Mutations

You are very small and have problems with some larger weapons.
You are too small for most types of armour.
You have supernaturally acute eyesight. (SInv)
You cover ground extremely quickly. (Speed+++)


Message History

A centaur comes into view.
A centaur is nearby!
A centaur is nearby!
A centaur is nearby!
A centaur warrior comes into view.
Found a snail-covered altar of Cheibriados.
The centaur warrior shouts!
The centaur shouts!
A steam dragon comes into view.
The steam dragon hisses angrily.
The centaur warrior wields a +0 shortbow.
The centaur warrior shoots an arrow.
The arrow closely misses you.
The centaur wields a +0 shortbow.
The centaur shoots an arrow.
The arrow closely misses you.
Casting: Confusing Touch (safe; 1% risk of failure)
Confirm with . or Enter, or press ? or * to list all spells.
Aiming: Ensorcelled Hibernation (safe; 1% risk of failure)
Press: ? - help, Shift-Dir - straight line, f - centaur
Aim: a centaur, wielding a +0 shortbow (chance to affect: 71%)
You feel a surge of power!
The centaur struggles to resist.
The centaur shoots an arrow.
The arrow completely misses you.
The centaur warrior shoots an arrow.
The arrow hits you but does no damage.
The centaur warrior shoots an arrow.
The arrow closely misses you.
The centaur warrior shoots an arrow.
The arrow misses you.
The centaur shoots an arrow.
The arrow closely misses you.
The centaur warrior shoots an arrow.
The arrow hits you!!
The centaur shoots an arrow.
The arrow hits you. The steam dragon breathes steam at you.
The ball of steam hits you!! The steam scalds you terribly!
* * * LOW HITPOINT WARNING * * *
You feel much better.
You are engulfed in a cloud of scalding steam.
* * * LOW HITPOINT WARNING * * *
The centaur warrior shoots an arrow.
The arrow closely misses you.
The centaur warrior is engulfed in a cloud of scalding steam.
The centaur warrior shoots an arrow.
The arrow hits you!
* * * LOW HITPOINT WARNING * * *
There is a stone staircase leading up here.
Magic restored.
The centaur warrior shoots an arrow.
The arrow hits you!!
You die...
Your body rises from the dead as a mindless zombie.

#.#cD§# ..#
#.....##.#
##c.§....##
#.cD......#
##...#.....#
#§..#...##..
#####...#..## .
###..###......#
#.@....##.#...##
##......c......#
#.....#..#..###
########.####
###


You could see a centaur warrior.

Vanquished Creatures
  A troll (D:8)
  A yak (D:8)
  3 steam dragons
  Menkaure (D:5)
  A water moccasin (D:5)
  Duvessa (D:5)
  3 ice beasts
  2 orc warriors
  2 sky beasts (D:7)
  2 ogres (D:5)
  2 centaurs
  A phantom (D:6)
  A bullfrog (D:6)
  A kobold brigand (D:6)
  2 necrophages
  2 scorpions
  A water moccasin zombie (Ossuary)
  Dowan (D:5)
  A howler monkey (D:8)
  A crimson imp (D:4)
  A bullfrog zombie (Ossuary)
  3 quasits (D:4)
  4 hounds
  3 jellies
  A gnoll bouda (D:4)
  4 orc priests
  Crazy Yiuf (D:5)
  3 iguanas
  Ijyb (D:5)
  Terence (D:2)
  2 orc wizards
  4 mummies
  A howler monkey zombie (Ossuary)
  4 gnolls (D:4)
  11 adders
  A white imp (D:5)
  An ufetubus (D:6)
  A worm (D:5)
  2 dart slugs (D:2)
  15 orcs
  3 endoplasms
  2 giant cockroaches
  9 hobgoblins
  4 jackals (D:3)
  11 kobolds
  4 quokkas
  7 ball pythons
  4 bats
  A frilled lizard (D:3)
  4 goblins
  A goblin skeleton (D:4)
  2 goblin zombies (D:4)
  A hobgoblin zombie (D:4)
  A kobold skeleton (D:4)
  A kobold zombie (D:4)
  3 orc skeletons (D:4)
  4 rats (D:3)
156 creatures vanquished.

Vanquished Creatures (collateral kills)
  2 yaks (D:8)
  A kobold brigand (D:8)
  An adder (D:5)
  3 kobolds (D:8)
7 creatures vanquished.

Vanquished Creatures (others)
  A troll zombie (D:8)
  A yak zombie (D:8)
  8 orc zombies
  2 kobold zombies (D:8)
  7 withered plants (Ossuary)
19 creatures vanquished.

Grand Total: 182 creatures vanquished

Notes
Turn   | Place    | Note
-------+----------+-------------------------------------------
     0 | D:1      | drpainis the Spriggan Enchanter began the quest for the
                  | Orb.
     0 | D:1      | Reached XP level 1. HP: 9/9 MP: 5/5
    81 | D:1      | You fall into a shaft and drop 1 floor!
   174 | D:2      | Reached XP level 2. HP: 5/13 MP: 6/6
   191 | D:2      | Learned a level 2 spell: Ensorcelled Hibernation
  1164 | D:2      | Noticed Terence
  1184 | D:2      | Killed Terence
  1185 | D:2      | Reached skill level 5 in Stealth
  1185 | D:2      | Reached XP level 3. HP: 16/16 MP: 2/8
  1835 | D:3      | Learned a level 3 spell: Confusing Touch
  1970 | D:3      | Reached XP level 4. HP: 21/21 MP: 9/9
  2192 | D:3      | Reached skill level 6 in Stealth
  2239 | D:3      | Noticed a scorpion
  2280 | D:3      | Killed a scorpion
  2281 | D:3      | Reached XP level 5. HP: 24/24 MP: 1/11
  2546 | D:3      | Reached skill level 1 in Ice Magic
  2605 | D:3      | Found a stormy altar of Qazlal.
  2605 | D:3      | Found a hazy altar of Hepliaklqana.
  2835 | D:4      | Found an iron altar of Okawaru.
  2898 | D:4      | Found a glowing golden altar of the Shining One.
  3086 | D:4      | Found a sand-covered staircase.
  3098 | Ossuary  | Entered an ossuary
  3207 | Ossuary  | Reached XP level 6. HP: 15/28 MP: 9/13
  3228 | Ossuary  | Reached skill level 7 in Stealth
  3741 | D:4      | Reached skill level 5 in Hexes
  3744 | D:4      | Reached XP level 7. HP: 27/32 MP: 4/14
  4664 | D:5      | Entered Level 5 of the Dungeon
  4674 | D:5      | Reached skill level 5 in Spellcasting
  4678 | D:5      | Learned a level 3 spell: Tukima's Dance
  4682 | D:5      | Learned a level 3 spell: Dazzling Flash
  4781 | D:5      | Reached skill level 8 in Stealth
  4929 | D:5      | Noticed Duvessa
  4930 | D:5      | Noticed Dowan
  5029 | D:5      | Killed Duvessa
  5076 | D:5      | HP: 1/32 [orc priest/nerve-wracking pain (7)]
  5186 | D:5      | Noticed Ijyb
  5193 | D:5      | Killed Ijyb
  5194 | D:5      | Reached skill level 9 in Stealth
  5268 | D:5      | Reached XP level 8. HP: 24/37 MP: 6/17
  5426 | D:5      | Noticed Menkaure
  5443 | D:5      | Killed Menkaure
  5486 | D:5      | Reached skill level 5 in Dodging
  5717 | D:5      | Killed Dowan
  5809 | D:5      | Reached skill level 10 in Stealth
  5930 | D:5      | Reached skill level 1 in Fighting
  6357 | D:5      | Found a runed translucent door.
  6358 | D:5      | Noticed Crazy Yiuf
  6559 | D:5      | Found a snail-covered altar of Cheibriados.
  6691 | D:5      | Killed Crazy Yiuf
  6695 | D:5      | Identified the +7 hammer of Gozag's Respect {freeze,
                  | Fragile rCorr Int+7 SInv}
  6764 | D:6      | Found Yraude's Antique Armour Shop.
  7159 | D:6      | Reached XP level 9. HP: 41/41 MP: 16/20
  7162 | D:6      | Reached skill level 11 in Stealth
  7771 | D:7      | Found a staircase to the Ecumenical Temple.
  7806 | Temple   | Entered the Ecumenical Temple
  7866 | Temple   | Became a worshipper of Yredelemnul the Dark
  7897 | D:7      | Found a transporter.
  7949 | D:7      | Reached * piety under Yredelemnul
  7990 | D:7      | Reached skill level 12 in Stealth
  8437 | D:7      | Found a transporter.
  8445 | D:7      | Found a one-way gate to the infinite horrors of the Abyss.
  8447 | D:7      | Noticed an ancient zyme
  8497 | D:7      | Identified the +6 ring mail of the Lute {Contam rC+ SInv}
  8502 | D:7      | Noticed Zeldest's ghost (novice OpCj)
  8780 | D:8      | Noticed a troll
  8809 | D:8      | Killed a troll
  8892 | D:8      | Reached ** piety under Yredelemnul
  9037 | D:8      | Reached XP level 10. HP: 46/46 MP: 23/23
  9154 | D:8      | Reached skill level 13 in Stealth
  9160 | D:8      | Found a shimmering altar of Xom.
  9162 | D:8      | Found a burning altar of Makhleb.
  9162 | D:8      | Found a shimmering altar of Xom.
  9164 | D:8      | Found an opulent altar of Gozag.
  9164 | D:8      | Found a burning altar of Makhleb.
  9164 | D:8      | Found an opulent altar of Gozag.
 10260 | D:9      | Found a snail-covered altar of Cheibriados.
 10260 | D:9      | Noticed a centaur warrior
 10268 | D:9      | HP: 2/46 [something/ball of steam (21)]
 10280 | D:9      | Shot with an arrow by a centaur warrior

Illustrated notes

Levels and vault maps discovered:
D:1:      giann_forest_graveyard, layout_loops_corners,
          hellmonk_ecumenical_altar_heavens_door, minmay_domino_4
D:2:      layout_basic, serial_glass, glass_columns_b, glass_columns_b,
          feat_on_display, due_unseen_surprise, minmay_strange_pillars,
          uniq_terence
D:3:      layout_loops_ring, gammafunk_temple_overflow_pools,
          minmay_misc_feat_secret_circle, kennysheep_generic_room_3
D:4:      cheibrodos_quashed, layout_cave_pools, nicolae_tso_besieged_by_evil,
          amcnicky_altar_gilded, gup_ossuary_entry_pyramid,
          corexii_leaking_fountain
D:5:      minmay_diamond_boxcup, layout_layer_cave, cheibrodos_worm_habitat,
          uniq_ijyb, uniq_crazy_yiuf_cottage, uniq_menkaure, uniq_duvessa
D:6:      layout_rooms, serial_shops, nicolae_stop_n_shop_2
D:7:      layout_cave_pools, minmay_temple_entry_stoned_glass,
          gammafunk_ghost_abyssal_escape
D:8:      layout_loops_cross, doesnt_xom_only_xom, dk_noncrumbling_3
D:9:      layout_cave_pools, nicolae_gozag_seed_capital,
          hangedman_feature_mirror, minmay_chambers_of_fives, uniq_erica
Temple:   nicolae_temple_ecumenical_triangle

Skill      XL: |  1  2  3  4  5  6  7  8  9 10 |
---------------+-------------------------------+-----
Hexes          | 4 5 7 8 |  8.4
Dodging        | 3 4 5 |  5.8
Stealth        | 5 6 7 9 10 12 13 | 13.0
Spellcasting   | 3 4 5 6 8 |  8.3
Ice Magic      | 1 2 3 |  3.7
Short Blades   | 2 3 4 |  4.6
Fighting       | 1 |  1.6
Conjurations   | |  0.5
Evocations     | |  0.1

Action                   |  1- 3 |  4- 6 |  7- 9 | 10-12 || total
-------------------------+-------+-------+-------+-------++-------
Melee: Dagger            |    64 |   162 |   219 |     5 ||   450
       Punch             |     1 |       |     2 |       ||     3
 Cast: Ensorcelled Hiber |    11 |    20 |    48 |     2 ||    81
       Confusing Touch   |       |    14 |    18 |     1 ||    33
       Tukima's Dance    |       |       |     3 |       ||     3
       Dazzling Flash    |       |       |     7 |       ||     7
Invok: Dark Bargain      |       |       |       |     1 ||     1
Evoke: Wand              |     1 |       |     1 |       ||     2
  Use: Scroll            |     6 |       |    11 |       ||    17
       Potion            |       |     5 |     2 |     1 ||     8
 Stab: Sleeping          |    10 |    22 |    41 |     2 ||    75
       Distracted        |     2 |       |       |       ||     2
       Confused          |       |     8 |    11 |       ||    19
       Invisible         |       |     4 |     3 |       ||     7
Armor: Robe              |    10 |    11 |    31 |     1 ||    53
Dodge: Dodged            |    34 |   114 |   186 |     9 ||   343

Table legend: (Time is in decaauts)
 A = Elapsed time spent in this place.
 B = Non-inter-level travel time spent in this place.
 C = Inter-level travel time spent in this place.
 D = Time resting spent in this place.
 E = Time spent auto-exploring this place.
 F = Levels seen in this place.
 G = Mean time per level.
                   A        B        C        D        E       F      G
               +--------+--------+--------+--------+--------+-----+--------+
         Total |   8001 |   7798 |    203 |   2630 |   3418 |  11 |  727.4 |
       Dungeon |   7737 |   7535 |    202 |   2514 |   3401 |   9 |  859.7 |
        Temple |     42 |     41 |      1 |      2 |     17 |   1 |   42.0 |
       Ossuary |    220 |    220 |      0 |    114 |      0 |   1 |  220.0 |
               +--------+--------+--------+--------+--------+-----+--------+

Top non-repeatable levels by time:
     D:5: 1515 daAuts
     D:2: 1397 daAuts
     D:4: 1311 daAuts
     D:8: 1205 daAuts
     D:7: 770 daAuts
     D:3: 691 daAuts
     D:6: 669 daAuts
 Ossuary: 220 daAuts
     D:9: 120 daAuts
     D:1: 57 daAuts
  Temple: 42 daAuts
